 Dungeon Crawl Stone Soup version 0.31.0-11-ge490571c62 (webtiles) character file.

Game seed: 17205118842890659721

174 atomiclemming the Covered (level 5, -2/46 HPs)
             Began as a Minotaur Fighter on Jan 29, 2024.
             Slain by Grinder (4 damage)
             ... on level 3 of the Dungeon.
             The game lasted 00:15:26 (2210 turns).

atomiclemming the Covered (Minotaur Fighter)        Turns: 2210, Time: 00:15:30

Health: -2/46      AC:  7    Str: 21    XL:     5   Next: 28%
Magic:  4/4        EV: 10    Int:  5    God:
Gold:   156        SH:  4    Dex: 11    Spells: 4/4 levels left

rFire   . . .        a - +0 flail
rCold   . . .        c - +0 buckler
rNeg    . . .        b - +0 scale mail
rPois   .            (helmet restricted)
rElec   .            (no cloak)
rCorr   .            (no gloves)
SInv    .            (no boots)
Will    .....        (no amulet) Stlth
                     (no ring)
HPRegen 0.27/turn    (no ring)
MPRegen 0.09/turn

%: no passive effects
@: mighty
A: horns 2, retaliatory headbutt
a: no special abilities


You were on level 3 of the Dungeon.
You visited 1 branch of the dungeon, and saw 3 of its levels.

You collected 156 gold pieces.

Inventory:

Hand Weapons
 a - a +0 flail (weapon)
 k - a +1 sling of freezing
Missiles
 i - 2 poisoned darts (quivered)
 s - a boomerang
Armour
 b - a +0 scale mail (worn)
 c - a +0 buckler (worn)
Scrolls
 e - a scroll of enchant armour
 g - a scroll of blinking
 m - a scroll of torment {unknown}
 p - a scroll of teleportation {unknown}
 q - a scroll of amnesia {unknown}
Potions
 d - a potion of might
 f - a potion of curing {unknown}
 h - a potion of magic {unknown}
 j - a potion of haste {unknown}
 l - a potion of heal wounds {unknown}
 n - a potion of enlightenment {unknown}
 o - a potion of attraction {unknown}
 r - a potion of degeneration {unknown}


   Skills:
 + Level 4.3 Fighting
 + Level 4.2 Maces & Flails
 + Level 4.9 Armour
 + Level 1.5 Dodging
 + Level 0.2 Stealth
 + Level 4.3 Shields


You had 4 spell levels left.
You didn't know any spells.
Your spell library contained the following spells:

 Spells                   Type           Power      Damage    Failure   Level
 Call Imp                 Summ           0%         N/A       95%         2
 Sublimation of Blood     Necr           0%         N/A       95%         2
 Ozocubu's Armour         Ice            0%         N/A       99%         3
 Metabolic Englaciation   Hex/Ice        0%         N/A       100%        5
 Sculpt Simulacrum        Ice/Alch       0%         N/A       100%        6
 Summon Hydra             Summ           0%         N/A       100%        7


Dungeon Overview and Level Annotations

Branches:
Dungeon (3/15)

Altars:

Shops:
D:2 ?:

Annotations:
D:3 Grinder


Innate Abilities, Weirdness & Mutations

You have a pair of horns on your head.
You reflexively headbutt those who attack you in melee.


Message History

You open the door.
A rat comes into view.
The rat squeaks loudly.
There is an open door here.
You barely miss the rat. You headbutt the rat.
You kill the rat!
You see here a rat corpse.
You open the door.
Grinder comes into view.
Grinder shouts!
There is an open door here.
Found a lumpy ruby potion.
Grinder gestures at you.
You suddenly lose the ability to move!
Grinder hits you but does no damage. Grinder hits you.
You writhe in agony.
Grinder gestures at you. Pain shoots through your body!
Grinder gestures at you.
You shrug off the repeated paralysis!
You can move again.
You sock Grinder! You headbutt Grinder!
Grinder is heavily wounded.
Grinder hits you!
You writhe in agony.
You hit Grinder but do no damage. You headbutt Grinder.
Grinder is severely wounded.
Grinder gestures at you. Pain shoots through your body! Grinder hits you.
* * * LOW HITPOINT WARNING * * *
You writhe in agony.
* * * LOW HITPOINT WARNING * * *
You feel very mighty all of a sudden. Grinder hits you but does no damage.
You barely miss Grinder.
Grinder is severely wounded.
Grinder hits you.
* * * LOW HITPOINT WARNING * * *
You writhe in agony.
You die...
Grinder says, "Now the real fun starts!"

##.#.....#.....#.#
#..#.....#)...##.#
...†...(.'...###.#
...#..[..#..####.###
...#.....#.###.#...
..####'######..#.#
.###.....###...'.#
###.....###....#.######.
##.....###.....#@..!....
#.....###.....##5.......
.....###..†..###........
##'#######'#####.#.#####
.................#.#
####...............#
#################


You could see Grinder.

Vanquished Creatures
  Natasha (twice) (D:3)
  An iguana (D:3)
  3 adders
  2 dart slugs (D:2)
  3 ribbon worms
  3 orcs (D:3)
  3 bats
  9 endoplasms
  3 giant cockroaches
  5 goblins
  4 hobgoblins
  2 jackals (D:3)
  3 kobolds (D:1)
  4 quokkas
  5 ball pythons
  2 frilled lizards
  3 rats (D:3)
57 creatures vanquished.

Notes
Turn   | Place    | Note
-------+----------+-------------------------------------------
     0 | D:1      | atomiclemming the Minotaur Fighter began the quest for the
                  | Orb.
     0 | D:1      | Reached XP level 1. HP: 19/19 MP: 0/0
   138 | D:1      | Reached XP level 2. HP: 27/27 MP: 1/1
   802 | D:2      | Reached XP level 3. HP: 30/33 MP: 2/2
  1281 | D:2      | Found Imyc's Book Shop.
  1357 | D:2      | Found Kalup's Magic Scroll Boutique.
  1366 | D:2      | Reached skill level 1 in Dodging
  1505 | D:2      | Reached XP level 4. HP: 40/40 MP: 3/3
  1700 | D:3      | Noticed Natasha
  1708 | D:3      | Killed Natasha
  1938 | D:3      | Noticed Natasha
  1944 | D:3      | Killed Natasha
  2055 | D:3      | Reached XP level 5. HP: 41/46 MP: 4/4
  2199 | D:3      | Noticed Grinder
  2202 | D:3      | Paralysed by Grinder for 5 turns
  2210 | D:3      | HP: 2/46 [Grinder (4)]
  2210 | D:3      | Slain by Grinder

Illustrated notes

Levels and vault maps discovered:
D:1:      dpeg_arrival_water_fire, layout_rooms, hangedman_abyss_or_decor_stabs
D:2:      layout_rooms, serial_shops, nicolae_shop_peninsula, shop,
          nicolae_hexahallways, uniq_crazy_yiuf_cottage
D:3:      layout_basic, minmay_statues_item, minmay_misc_feat_hallway,
          minmay_quadrilaterals, uniq_sigmund, uniq_grinder, uniq_natasha

Skill      XL: |  1  2  3  4  5 |
---------------+----------------+-----
Armour         | 4 |  4.9
Shields        | 4 |  4.3
Fighting       | 4 |  4.3
Maces & Flails | 3 4 |  4.2
Dodging        | 1 |  1.5
Stealth        | |  0.2

Action                     |  1- 3 |  4- 6 || total
---------------------------+-------+-------++-------
  Melee: Flail             |    96 |    45 ||   141
         Headbutt          |    16 |     9 ||    25
    Use: Scroll            |     2 |     1 ||     3
         Potion            |       |     1 ||     1
 Armour: Scale mail        |    93 |    39 ||   132
  Dodge: Dodged            |    63 |    29 ||    92
  Block: Buckler           |    35 |     8 ||    43
